 Dungeon Crawl Stone Soup version 0.28.0-43-g3370ac3207 (webtiles) character file.

Game seed: 4682553921294173522

434 boopmooplesden the Chopper (level 6, -3/56 HPs)
             Began as a Minotaur Berserker on Mar 27, 2022.
             Was a Believer of Trog.
             Slain by a bullfrog skeleton (6 damage)
             ... on level 6 of the Dungeon.
             The game lasted 00:03:22 (2194 turns).

boopmooplesden the Chopper (Minotaur Berserker)     Turns: 2194, Time: 00:03:23

Health: -3/56      AC: -2    Str: 22    XL:     6   Next: 68%
Magic:  5/5        EV: 12    Int:  4    God:    Trog [**....]
Gold:   151        SH:  0    Dex: 11    Spells: 5/5 levels left

rFire   . . .      SeeInvis .   a - +1 hand axe
rCold   . . .      Faith    .   (no shield)
rNeg    . . .      Spirit   .   c - +0 ring mail
rPois   .          Reflect  .   (helmet restricted)
rElec   .          Harm     .   (no cloak)
rCorr   .          Rampage  .   (no gloves)
Will    .....                   (no boots)
Stlth   +.........              (no amulet)
HPRegen 0.18/turn               (no ring)
MPRegen 0.09/turn               (no ring)

@: corroded, attractive
A: horns 2, retaliatory headbutt
a: Renounce Religion, Berserk, Trog's Hand


You were on level 6 of the Dungeon.
You worshipped Trog.
Trog was pleased with you.
You visited 1 branch of the dungeon, and saw 4 of its levels.

You collected 151 gold pieces.

Inventory:

Hand Weapons
 a - a +1 hand axe (weapon)
Missiles
 f - 3 boomerangs (quivered)
Armour
 b - a +0 animal skin
 c - a +0 ring mail (worn)
Scrolls
 i - a scroll of teleportation
 j - a scroll of silence {unknown}
 k - a scroll of fear {unknown}
Potions
 d - a potion of invisibility {unknown}
 e - a potion of ambrosia
 h - a potion of heal wounds {unknown}


   Skills:
 + Level 5.5 Fighting
 + Level 6.9 Axes
 + Level 2.7 Armour
 + Level 3.6 Dodging
 + Level 1.3 Stealth


You had 5 spell levels left.
You didn't know any spells.
Your spell library was empty.

Dungeon Overview and Level Annotations

Branches:
Dungeon (3/15)

Altars:
Vehumet


Innate Abilities, Weirdness & Mutations

You have a pair of horns on your head.
You reflexively headbutt those who attack you in melee.


Message History

Okay, then.
You hit the hound.
You kill the hound!
Trog accepts your kill.
The sentinel's mark upon you fades away.
The jelly hits you but does no damage.
Really renounce your faith, foregoing its fabulous benefits?
Okay, then.
You hit the jelly. The acid corrodes you!
Your hands burn!
Your headbutt misses the jelly.
The jelly is moderately wounded.
The jelly hits you. The acid corrodes you!
You are splashed with acid!
You hit the jelly but do no damage.
Your hands burn!
The jelly is moderately wounded.
The jelly barely misses you. You furiously retaliate!
You headbutt the jelly, but do no damage.
You hit the jelly.
Your hands burn!
You headbutt the jelly!
You kill the jelly!
Trog accepts your kill.
You barely miss the bullfrog skeleton.
You recover from your berserk rage.
The bullfrog skeleton hits you.
* * * LOW HITPOINT WARNING * * *
You slash the adder! Your headbutt misses the adder.
Your punch misses the adder.
The adder is heavily wounded.
The adder bites you.
* * * LOW HITPOINT WARNING * * *
You hit the adder but do no damage.
The adder is heavily wounded.
You barely miss the bullfrog skeleton. The adder bites you.
* * * LOW HITPOINT WARNING * * *
The bullfrog skeleton hits you.
* * * LOW HITPOINT WARNING * * *
The adder bites you.
* * * LOW HITPOINT WARNING * * *
It was a potion of attraction.
You feel attractive to monsters. The bullfrog skeleton hits you.
You die...

........#...###+##+####....#.#
........+.....#......##........
.#......#.....#..............##
.+....#.#.....#................
.#.#+##.#.#.....................
................................
##....#....###..................
......#....# #..SZ......
###...#....# #..@.......
......#....###..........
.###..#.................
...............#....##..
....###.#...........# ..
...................## ..
.......##..........##...
.......##...............
.......##.#.............


You could see an adder and a bullfrog skeleton.

Vanquished Creatures
  A water moccasin (D:6)
  An ogre (D:2)
  A bullfrog (D:6)
  A wyvern skeleton (D:6)
  A jelly (D:6)
  A hound (D:6)
  2 adders (D:2)
  2 worms (D:2)
  2 dart slugs
  An orc (D:6)
  3 endoplasms
  2 giant cockroaches (D:1)
  6 goblins
  8 hobgoblins
  4 jackals (D:2)
  A quokka (D:1)
  3 ball pythons (D:1)
  4 bats
  4 frilled lizards
  3 kobolds
  5 rats (D:1)
56 creatures vanquished.

Notes
Turn   | Place    | Note
-------+----------+-------------------------------------------
     0 | D:1      | boopmooplesden the Minotaur Berserker began the quest for
                  | the Orb.
     0 | D:1      | Reached XP level 1. HP: 19/19 MP: 0/0
   302 | D:1      | Reached XP level 2. HP: 27/27 MP: 1/1
   320 | D:1      | Reached skill level 4 in Axes
   738 | D:1      | Reached ** piety under Trog
   899 | D:1      | Reached XP level 3. HP: 30/33 MP: 2/2
  1079 | D:2      | Noticed an ogre
  1084 | D:2      | Killed an ogre
  1085 | D:2      | Reached skill level 5 in Axes
  1085 | D:2      | Reached XP level 4. HP: 41/41 MP: 3/3
  1385 | D:2      | Reached XP level 5. HP: 26/47 MP: 4/4
  1667 | D:2      | Found a faded altar of an unknown god.
  1735 | D:2      | Found a radiant altar of Vehumet.
  1961 | D:3      | You fall into a shaft and drop 3 floors!
  2145 | D:6      | Noticed a water moccasin
  2149 | D:6      | Reached skill level 5 in Fighting
  2149 | D:6      | Reached skill level 1 in Stealth
  2155 | D:6      | Killed a water moccasin
  2156 | D:6      | Reached skill level 6 in Axes
  2156 | D:6      | Reached XP level 6. HP: 56/56 MP: 5/5
  2194 | D:6      | Slain by a bullfrog skeleton

Illustrated notes

Levels and vault maps discovered:
D:1:      heliophobic_arrival_enchanted_forest, layout_loops_ring,
          minmay_misc_feat_rows
D:2:      layout_rooms, hellmonk_ecumenical_altar_arch_garden, basic_altar,
          minmay_pentomino_w2
D:3:      layout_rooms, general_overflow_altar, overflow_temple_1_default,
          serial_shops, nicolae_shop_stone, serial_park_tiny_2
D:6:      layout_basic

Skill      XL: |  1  2  3  4  5 |
---------------+----------------+-----
Axes           | 4 5 6 |  6.9
Fighting       | 4 5 |  5.5
Dodging        | 3 |  3.6
Stealth        | 1 |  1.3
Armour         | |  2.7

Action                   |  1- 3 |  4- 6 || total
-------------------------+-------+-------++-------
Melee: Hand axe          |    71 |    50 ||   121
       Headbutt          |    11 |     7 ||    18
Invok: Berserk           |     1 |     1 ||     2
  Use: Scroll            |       |     5 ||     5
       Potion            |       |     1 ||     1
 Stab: Sleeping          |     1 |       ||     1
Armor: Animal skin       |    13 |     2 ||    15
       Ring mail         |       |     7 ||     7
Dodge: Dodged            |    43 |    43 ||    86
